 Dungeon Crawl Stone Soup version 0.31.0-11-ge490571c62 (webtiles) character file.

Game seed: 17187154097942288376

132 browni3141 the Trooper (level 5, -3/42 HPs)
             Began as a Barachi Monk on Feb 2, 2024.
             Killed by divine providence
             ... invoked by an orc priest
              (10 damage)
             ... on level 4 of the Dungeon.
             The game lasted 00:05:00 (452 turns).

browni3141 the Trooper (Barachi Monk)                Turns: 452, Time: 00:05:01

Health: -3/42      AC:  2    Str: 12    XL:     5   Next: 15%
Magic:  8/8        EV: 13    Int: 13    God:
Gold:   29         SH:  0    Dex: 14    Spells: 8/8 levels left

rFire   . . .        e - +2 dagger (drain)
rCold   . . .        d - orb {light}
rNeg    . . .        b - +0 robe
rPois   .            (no helmet)
rElec   .            (no cloak)
rCorr   .            (no gloves)
SInv    .            (no boots)
Will    .....        (no amulet)
Stlth   +            (no ring)
HPRegen 0.27/turn    (no ring)
MPRegen 0.11/turn

%: no passive effects
@: weak-willed, unable to hop, glowing, slow
A: amphibious, slowness 1, strong legs 1, +LOS
a: Hop


You were on level 4 of the Dungeon.
You visited 1 branch of the dungeon, and saw 4 of its levels.

You collected 29 gold pieces.

Inventory:

Hand Weapons
 a - a +0 falchion
 e - a +2 dagger of draining (weapon)
Armour
 b - a +0 robe (worn)
 d - an orb of light (worn)
Scrolls
 h - a scroll of butterflies
Potions
 g - a potion of might {unknown}
 i - a potion of curing {unknown}
 j - a potion of enlightenment {unknown}


   Skills:
 - Level 4.0 Fighting
 - Level 4.0 Long Blades
 - Level 3.5 Dodging
 - Level 2.0 Spellcasting
 * Level 3.0 Necromancy


You had 8 spell levels left.
You didn't know any spells.
Your spell library was empty.

Dungeon Overview and Level Annotations

Branches:
Dungeon (4/15)
 Temple: D:4-7

Altars:


Innate Abilities, Weirdness & Mutations

You are amphibious.
You cover ground slowly.
You can hop short distances.
You have an extended range of vision and can be seen from far away.


Message History

Your Necromancy skill increases to level 2!
Okay, then.
You see here 12 gold pieces.
You now have 29 gold pieces (gained 12).
You see here a scroll labelled JAIWI NUNUI.
Unknown command.
l - a scroll labelled JAIWI NUNUI You hear the slow hiss of a very distant avalanche of sand.
An iguana and an orc come into view.
The iguana hisses angrily.
The orc shouts!
A giant cockroach comes into view.
You hit the orc but do no damage. You drain the orc.
The orc is moderately wounded.
The orc barely misses you.
You barely miss the orc.
The orc is moderately wounded.
The orc hits you with a +0 club.
You hit the orc. You drain the orc.
You kill the orc!
You hit the iguana. You drain the iguana.
The iguana is moderately wounded.
The giant cockroach waves its antennae.
The iguana closely misses you.
You hit the iguana. You drain the iguana.
The iguana is severely wounded.
You hit the iguana. You drain the iguana.
The iguana is almost dead.
The iguana closely misses you.
You hit the iguana.
You kill the iguana!
You have reached level 5!
You barely miss the giant cockroach. The giant cockroach closely misses you.
You hit the giant cockroach.
The giant cockroach is moderately wounded.
The giant cockroach bites you.
You barely miss the giant cockroach.
The giant cockroach is moderately wounded.
The giant cockroach barely misses you.
You hit the giant cockroach.
You kill the giant cockroach!
Things that are here:
a +0 club; a +0 leather armour; an orc corpse An endoplasm comes into view.
The endoplasm quivers.
You hit the endoplasm. You drain the endoplasm.
You kill the endoplasm!
Your Necromancy skill increases to level 3!
No target in view!
A kobold comes into view. It is wielding a +0 dagger.
The kobold barely misses you.
You hit the kobold.
The kobold is severely wounded.
You completely miss the kobold.
The kobold is severely wounded.
The kobold barely misses you.
You completely miss the kobold.
The kobold is severely wounded.
The kobold closely misses you.
You hit the kobold.
You kill the kobold!
Things that are here:
a +0 dagger; a stone An orc comes into view.
It is wielding a +0 flail.
The orc shouts!
You hear a shout! x2
The orc moves out of view.
You hear a shout! x3
An orc wizard comes into view. It is wielding a +0 dagger.
An orc wizard, 2 orc priests and 3 orcs come into view.
The orc shouts!
The orc wizard shouts!
The orc priest shouts!
The orc shouts!
The orc priest shouts!
The orc shouts!
An orc comes into view. It is wielding a +0 club.
The orc priest miscasts a cantrip.
The orc priest looks encouraged for a moment.
Hop to where?
Press: ? - help, Dir - move target Boing!
The orc throws a stone.
The stone closely misses you.
The orc throws a stone.
The stone hits you.
You hear the slow hiss of a very distant avalanche of sand.
As you read the scroll labelled DYUPHE SEEKE, it crumbles to dust.
It is a scroll of identify.
h - a scroll of butterflies
As you read the scroll labelled WUOLIR WAVVU, it crumbles to dust.
Your body is wracked with pain!
It was a scroll of torment.
As you read the scroll labelled JAIWI NUNUI, it crumbles to dust.
A wave of despondency washes over your surroundings.
It was a scroll of vulnerability.
The orc throws a stone.
The stone closely misses you.
A jelly comes into view.
The jelly hits you.
You are splashed with acid!
A giant cockroach comes into view.
The jelly barely misses you. The orc attacks as it pursues you!
The orc closely misses you.
The orc priest calls down the wrath of Beogh upon you.
Beogh smites you!
A howler monkey comes into view.
The howler monkey howls!
The orc priest invokes the aid of Beogh against you.
Beogh smites you!
You die...

#h. ###.o.## ..
........## ..
.........# ..
#......oo# #.
#.# o##o# #. #.#
o #.# #. ##.##.#
#)# #.###B..#.#
#.# #.@.oJ.o..#
#.#
#####o..#####.##
##..o.ooo..#
########..####
#...... ##.####
#.# # #.# # #.#
##


You could see a howler monkey, a jelly, an orc priest, 4 orcs and a giant
cockroach.

Vanquished Creatures
  An iguana (D:4)
  A sleepcap (D:4)
  4 gnolls (D:2)
  A dart slug (D:2)
  An orc (D:4)
  4 bats
  4 endoplasms
  2 giant cockroaches
  4 goblins
  3 hobgoblins (D:2)
  4 jackals
  3 kobolds
  A quokka (D:2)
  A ball python (D:2)
  2 frilled lizards (D:2)
36 creatures vanquished.

Notes
Turn   | Place    | Note
-------+----------+-------------------------------------------
     0 | D:1      | browni3141 the Barachi Monk began the quest for the Orb.
     0 | D:1      | Reached XP level 1. HP: 18/18 MP: 1/1
    22 | D:2      | Reached XP level 2. HP: 6/25 MP: 2/2
   131 | D:2      | HP: 1/25 [gnoll/+0 club (6)]
   136 | D:2      | Reached skill level 1 in Spellcasting
   136 | D:2      | Reached XP level 3. HP: 12/30 MP: 3/5
   158 | D:2      | Noticed a gnoll sergeant
   194 | D:2      | Reached skill level 1 in Necromancy
   204 | D:2      | Reached XP level 4. HP: 9/37 MP: 7/7
   405 | D:4      | Reached XP level 5. HP: 40/42 MP: 8/8
   452 | D:4      | Killed from afar by an orc priest

Illustrated notes

Levels and vault maps discovered:
D:1:      dpeg_arrival_caged_fury, layout_basic, ebering_ecumenical_altar_hall,
          minmay_pentomino_r4
D:2:      kennysheep_big_flooded_room, layout_rooms, serial_aquarium,
          aquarium_bridge_straight [aquarium_subvault_bridge,
          aquarium_subvault_window, aquarium_subvault_bridge,
          aquarium_subvault_window], aquarium_bridge_straight
          [aquarium_subvault_bridge, aquarium_subvault_wall,
          aquarium_subvault_bridge, aquarium_subvault_balcony],
          aquarium_window_fake, aquarium_window_2, aquarium_view_2f,
          aquarium_view_2b, aquarium_pool_double, minivault_19,
          pf_guarded_unrand_woodcutter, uniq_terence
D:3:      corexii_shack_village, layout_basic, serial_undead, serial_undead_f,
          serial_undead_e, serial_undead_c, serial_undead_f, st_stairs_1,
          uniq_jessica
D:4:      layout_loops_ring, lightli_ossuary_entry_decrepit_ruins, serial_shops,
          shop

Skill      XL: |  1  2  3  4  5 |
---------------+----------------+-----
Fighting       | 4 |  4.0
Long Blades    | 4 |  4.0
Spellcasting   | 1 2 |  2.0
Necromancy     | 1 2 3 |  3.0
Dodging        | |  3.5

Action                     |  1- 3 |  4- 6 || total
---------------------------+-------+-------++-------
  Melee: Falchion          |    21 |       ||    21
         Dagger            |    38 |    55 ||    93
Ability: Hop               |     4 |     1 ||     5
    Use: Potion            |     1 |       ||     1
         Scroll            |       |     3 ||     3
 Armour: Robe              |    39 |    26 ||    65
  Dodge: Dodged            |    27 |    45 ||    72
